 Dungeon Crawl Stone Soup version 0.17-a0-1718-g72dbe4d (webtiles) character file.

30 kae the Slasher (level 3, -3/31 HPs)
             Began as a Minotaur Fighter on Aug 26, 2015.
             Slain by Crazy Yiuf
             ... wielding a +4 quarterstaff of chaos
              (9 damage)
             ... on level 2 of the Dungeon.
             The game lasted 00:00:40 (916 turns).

kae the Slasher (Minotaur Fighter)                   Turns: 916, Time: 00:00:41

Health: -3/31      AC:  6    Str: 20    XL:     3   Next: 3%
Magic:  2/2        EV:  7    Int:  6    God:
Gold:   99         SH:  9    Dex:  9    Spells: 0 memorised, 2 levels left

rFire  . . .     SeeInvis .     a - +0 long sword
rCold  . . .     Clarity  .     b - +0 scale mail
rNeg   . . .     SustAt   .     c - +0 shield
rPois  .         Gourm    .     (helmet restricted)
rElec  .         Spirit   .     (no cloak)
rCorr  .         Warding  .     (no gloves)
rMut   .         Stasis   .     (no boots)
MR     .....                    (no amulet)
Stlth  ..........               (no ring)
                                (no ring)

@: lethally poisoned (-3 -> -26), not resistant to hostile enchantments,
extremely unstealthy
A: retaliatory headbutt, horns 2
a: no special abilities


You were on level 2 of the Dungeon.
You were not hungry.

You visited 1 branch of the dungeon, and saw 2 of its levels.

You collected 99 gold pieces.

Inventory:

Hand weapons
 a - a +0 long sword (weapon)
Armour
 b - a +0 scale mail (worn)
 c - a +0 shield (worn)
Jewellery
 n - an uncursed ring of ice {unknown}
Scrolls
 f - a scroll of magic mapping {unknown}
 g - 4 scrolls of identify {unknown}
 h - 2 scrolls of teleportation {unknown}
 j - a scroll of enchant armour {unknown}
 k - 2 scrolls of amnesia {unknown}
 l - a scroll of remove curse {unknown}
 m - a scroll of recharging {unknown}
 o - a scroll of noise {unknown}
Potions
 d - 2 potions of might
Comestibles
 e - 2 bread rations
 i - 2 meat rations


   Skills:
 - Level 3.6 Fighting
 + Level 4.3 Long Blades
 - Level 3.6 Armour
 - Level 3.6 Shields


You had 2 spell levels left.
You didn't know any spells.

Dungeon Overview and Level Annotations

Branches:
Dungeon (2/15)

Altars:

Annotations:
D:2 Crazy Yiuf, Sigmund


Innate Abilities, Weirdness & Mutations

You reflexively headbutt those who attack you in melee.
You have a pair of horns on your head.


Message History

Sigmund flickers and vanishes!
Deactivating autopickup; reactivate with Ctrl-A.
Crazy Yiuf hits the fungus with a quarterstaff of chaos.
Something hits the fungus.
Crazy Yiuf hits the fungus with a quarterstaff of chaos.
You start resting.
Drink which item? (? for menu, Esc to quit)
Okay, then.
You hit Crazy Yiuf. You headbutt Crazy Yiuf.
Crazy Yiuf is moderately wounded.
You block Crazy Yiuf's attack. Something hits you!
Crazy Yiuf hits you with a quarterstaff of chaos!
* * * LOW HITPOINT WARNING * * *
You are lethally poisoned!
You barely miss Crazy Yiuf.
Crazy Yiuf is moderately wounded.
* * * LOW HITPOINT WARNING * * *
You feel very sick.
Crazy Yiuf hits you with a quarterstaff of chaos!
You die...

# #.##########
.........<#
...#...##
.#####.#.#.#######
....<.†)..........
.#.#.#.#)#.#######
#.#.#..# #.#.##@#
#.#.##g######
#.#.##.....P##
#.#.###....PP##
#.#.# #....PPg#
#.# ##...#{#.#
#.### # #.# ###


You could see Crazy Yiuf.

Vanquished Creatures
  A giant gecko (D:1)
  A ball python (D:1)
  4 bats (D:1)
  7 goblins
  6 kobolds
  A giant cockroach (D:1)
  7 giant newts (D:1)
  4 rats (D:1)
31 creatures vanquished.

Vanquished Creatures (others)
  2 fungi (D:2)
2 creatures vanquished.

Grand Total: 33 creatures vanquished

Notes
Turn   | Place    | Note
--------------------------------------------------------------
     0 | D:1      | kae the Minotaur Fighter began the quest for the Orb.
     0 | D:1      | Reached XP level 1. HP: 19/19 MP: 0/0
   102 | D:1      | Reached XP level 2. HP: 23/26 MP: 1/1
   809 | D:1      | Reached skill level 4 in Long Blades
   876 | D:2      | Reached XP level 3. HP: 25/31 MP: 2/2
   888 | D:2      | Noticed Sigmund
   895 | D:2      | Noticed Crazy Yiuf
   916 | D:2      | Slain by Crazy Yiuf

Vault maps used:
D:1:      dpeg_arrival_boxorama, serial_aquarium, aquarium_bridge_straight,
          aquarium_window_2, aquarium_window_double, aquarium_view_2d,
          aquarium_view_2c, aquarium_balcony_5a, minmay_lizard_king
D:2:      uniq_crazy_yiuf_cottage, uniq_sigmund, uniq_robin

Action                   || total
-------------------------++-------
Melee: Long sword        ||    80
